Map: [TLMC21] Magnetic North

Players

WiNtR

  • Race: Terran Terran
  • League: Diamond
  • Spawn Location: 7:00

ИИ 1 (новичок) - Winner!

  • Race: Zerg Zerg
  • Spawn Location: 1:00

VOD

Have the link to the VOD?

Description

Time

  • Played on: Oct. 16, 2025, 3:14 p.m.
  • Length: 12:39
Show
View Real Time Build Order
Export as new Build Order

WiNtR Terran 

Build Orders: 2 Factory, Reaper Expand, Mech 

Get SALT Encoding   

  12  0:00  SCV  
  13  0:12  SCV  
  14  0:17  Supply Depot  
  14  0:24  SCV  
  15  0:39  SCV  
  15  0:40  Barracks  
  16  0:44  Refinery  
  16  0:51  SCV  
  17  1:03  SCV  
  18  1:16  SCV  
  19  1:28  Reaper, Orbital Command  
  20  1:40  Command Center  
  20  1:51  Supply Depot  
  20  1:53  SCV  
  21  1:59  Marine  
  22  2:06  SCV  
  23  2:15  Factory  
  23  2:18  SCV  
  23  2:19  Refinery  
  24  2:23  Barracks Reactor  
  24  2:30  SCV  
  25  2:43  SCV  
  26  2:52  Orbital Command  
  26  2:55  SCV  
  27  3:03  Factory  
  27  3:07  SCV, Hellion x2  
  32  3:13  Barracks Tech Lab  
  32  3:18  SCV  
  32  3:19  SCV  
  34  3:28  Hellion x2  
  34  3:30  SCV  
  34  3:31  SCV  
  40  3:42  Supply Depot  
  40  3:43  SCV x2  
  42  3:55  Siege Tank, SCV  
  46  4:01  Factory  
  46  4:02  Barracks Tech Lab  
  46  4:04  Hellion x2, SCV  
  46  4:06  Supply Depot  
  46  4:07  SCV  
  52  4:10  Refinery  
  52  4:11  Refinery  
  52  4:16  SCV  
  53  4:19  SCV  
  53  4:22  Supply Depot  
  54  4:28  Siege Tank, Hellion x2  
  61  4:34  SCV  
  62  4:44  SCV  
  62  4:45  Supply Depot  
  63  4:46  Supply Depot  
  63  4:54  Command Center  
  63  4:57  Siege Tank  
  66  5:01  Siege Tank  
  66  5:03  SCV  
  66  5:06  SCV  
  71  5:10  Supply Depot  
  71  5:18  Hellion x2  
  75  5:21  Armory  
  75  5:28  Armory  
  75  5:29  SCV x2  
  75  5:34  Siege Tank  
  80  5:42  Engineering Bay  
  80  5:44  Siege Tank  
  80  5:46  SCV x2  
  80  5:48  Supply Depot  
  85  6:01  SCV x2  
  85  6:02  Factory  
  85  6:03  Factory  
  87  6:07  Orbital Command  
  87  6:12  Terran Vehicle Weapons Level 1  
  87  6:15  Terran Vehicle And Ship Armor Level 1  
  87  6:17  SCV x2  
  89  6:23  Siege Tank  
  92  6:31  Siege Tank, Hellion  
  92  6:32  SCV x2  
  99  6:36  Missile Turret  
  99  6:37  Orbital Command  
  99  6:39  Missile Turret  
  99  6:46  SCV x2  
  101  6:47  Factory Reactor, Factory Tech Lab  
  101  6:58  Siege Tank, Missile Turret, SCV x2  
  106  7:02  SCV  
  106  7:05  Refinery  
  107  7:10  SCV x2  
  107  7:14  SCV  
  110  7:17  Refinery  
  110  7:20  Siege Tank x2  
  110  7:22  SCV  
  117  7:39  Sensor Tower  
  117  7:40  Supply Depot  
  117  7:42  Supply Depot  
  117  7:49  Command Center  
  117  7:57  Factory  
  117  7:58  Factory  
  117  7:59  Factory  
  117  8:01  Siege Tank, SCV x3  
  117  8:03  Siege Tank  
  126  8:10  Supply Depot  
  126  8:12  Supply Depot  
  126  8:13  Siege Tank, SCV x2  
  126  8:14  Hellion  
  133  8:24  Terran Vehicle Weapons Level 2  
  133  8:26  Terran Vehicle And Ship Armor Level 2  
  133  8:32  Hellion x2, SCV x2  
  133  8:33  Supply Depot  
  133  8:34  Siege Tank  
  142  8:35  Supply Depot  
  142  8:49  SCV x3  
  142  8:55  Supply Depot  
  145  8:58  Factory Tech Lab x2  
  145  8:59  Factory Tech Lab  
  145  9:00  Command Center  
  145  9:01  SCV x2  
  147  9:09  Refinery  
  147  9:14  Refinery  
  147  9:16  Sensor Tower  
  147  9:24  Planetary Fortress  
  147  9:25  Engineering Bay  
  147  9:28  Supply Depot  
  147  9:33  Cyclone x2  
  147  9:34  Cyclone x4  
  147  9:35  Hellion x3  
  171  9:47  Supply Depot  
  171  9:48  Supply Depot  
  171  9:50  Supply Depot  
  171  9:57  Supply Depot  
  171  9:58  Supply Depot, Hellion x3  
  177  10:03  Supply Depot  
  177  10:05  Cyclone  
  180  10:13  Orbital Command  
  180  10:17  Cyclone  
  180  10:18  Cyclone  
  180  10:20  Mag-Field Accelerator, Command Center  
  186  10:22  Infernal Pre-Igniter  
  186  10:24  Smart Servos  
  186  10:33  Siege Tank x2  
  190  10:43  Siege Tank x2  
  190  10:49  Siege Tank  
  199  10:55  SCV  
  200  10:59  Command Center  
  200  11:35  Command Center  
  200  11:38  Unknown  
  200  12:29  Command Center  
  200  12:31  Command Center  
Show
View Real Time Build Order
Export as new Build Order

ИИ 1 (новичок) Zerg - Winner!

Build Orders: Hatch First 

Get SALT Encoding   

  12  0:01  Drone  
  13  0:12  Overlord  
  13  0:16  Drone  
  14  0:42  Hatchery  
  13  0:44  Drone  
  14  1:02  Spawning Pool  
  14  1:04  Extractor  
  12  1:07  Drone  
  13  1:14  Drone  
  14  1:20  Overlord  
  14  1:49  Zergling x4  
  14  1:50  Queen  
  18  2:02  Roach Warren  
  18  2:06  Drone  
  18  2:10  Extractor  
  18  2:13  Drone  
  18  2:18  Zergling x2  
  19  2:23  Drone  
  20  2:31  Drone  
  21  2:38  Drone  
  22  2:45  Drone  
  23  2:52  Drone  
  24  2:59  Drone  
  27  3:05  Roach  
  27  3:07  Drone  
  27  3:12  Overlord  
  28  3:16  Drone  
  29  3:23  Drone  
  30  3:30  Drone  
  31  3:38  Drone  
  32  3:43  Overlord  
  32  3:46  Drone  
  33  3:52  Lair  
  33  3:53  Roach  
  33  3:54  Drone  
  36  4:04  Drone  
  37  4:11  Drone  
  38  4:19  Drone  
  39  4:26  Drone  
  40  4:33  Drone  
  40  4:34  Overlord  
  41  4:40  Drone, Roach  
  44  4:47  Drone  
  44  4:52  Overseer  
  45  4:53  Overseer  
  45  4:55  Drone  
  46  5:01  Extractor  
  46  5:02  Drone  
  46  5:08  Extractor  
  46  5:09  Drone  
  46  5:16  Drone  
  47  5:23  Drone  
  47  5:27  Roach  
  50  5:30  Drone  
  51  5:38  Drone  
  52  5:45  Drone  
  53  10:16  Pneumatized Carapace  
  53  10:18  Overseer  
  53  10:19  Overlord x2  
  53  10:20  Infestation Pit  
  52  10:21  Hydralisk Den  
  52  10:22  Drone  
  52  10:31  Drone  
  52  10:40  Zergling x2  
  43  11:00  Hive  
  43  11:08  Hydralisk  
  45  11:37  Hydralisk  
  45  11:38  Drone  
  42  11:45  Drone  
  24  11:53  Drone  
  22  12:00  Drone  
  21  12:10  Zergling x2  
  22  12:16  Ultralisk Cavern  
  22  12:21  Drone  
Tags
 
Add a new tag
Caveats
  • Supply blocks, unpowered buildings, or Contaminate may cause inaccurate times.
  • Supply counts are checked every 10 seconds.